 Dungeon Crawl Stone Soup version 0.20.2-3-g29329e0561 (webtiles) character file.

138 Alfie the Skirmisher (level 5, -1/47 HPs)
             Began as a Hill Orc Fighter on Nov 28, 2023.
             Slain by an orc wizard
             ... wielding a +0 dagger of electrocution
              (14 damage)
             ... on level 3 of the Dungeon.
             The game lasted 00:03:27 (1294 turns).

Alfie the Skirmisher (Hill Orc Fighter)             Turns: 1294, Time: 00:03:28

Health: -1/47      AC:  7    Str: 20    XL:     5   Next: 21%
Magic:  5/5        EV:  7    Int:  8    God:
Gold:   114        SH:  0    Dex: 10    Spells: 4/4 levels left

rFire    . . .     SeeInvis .   a - +0 rapier
rCold    . . .     Gourm    .   c - +0 shield
rNeg     . . .     Faith    .   b - +0 scale mail
rPois    .         Spirit   .   (no helmet)
rElec    .         Reflect  .   (no cloak)
rCorr    .         Harm     .   (no gloves)
MR       .....                  (no boots)
Stlth    ..........             (no amulet)
Regen    0.2/turn               (no ring)
MPRegen  0.1/turn               (no ring)

@: confused
A: no striking features
a: no special abilities


You were on level 3 of the Dungeon.
You were hungry.

You visited 1 branch of the dungeon, and saw 3 of its levels.

You collected 114 gold pieces.

Inventory:

Hand Weapons
 a - a +0 rapier (weapon)
Missiles
 j - 8 tomahawks (quivered)
Armour
 b - a +0 scale mail (worn)
 c - a +0 shield (worn)
Scrolls
 e - a scroll of teleportation {unknown}
 h - a scroll of enchant armour {unknown}
 k - 2 scrolls of identify {unknown}
 m - a scroll of random uselessness {unknown}
 n - a scroll of blinking {unknown}
 q - a scroll of remove curse {unknown}
Potions
 d - a potion of might
 i - a potion of lignification {unknown}
 l - 3 potions of curing {unknown}
Books
 o - a book of Cantrips

   Spells                             Type                      Level
   a - Confusing Touch                Hexes                        1
   b - Animate Skeleton               Necromancy                   1
   c - Summon Small Mammal            Summoning                    1
   d - Apportation                    Translocation                1
Comestibles
 f - 3 bread rations
 g - a meat ration


   Skills:
 + Level 4.3 Fighting
 + Level 3.4 Short Blades
 + Level 3.9 Armour
 + Level 0.7 Dodging
 + Level 4.2 Shields


You had 4 spell levels left.
You didn't know any spells.

Dungeon Overview and Level Annotations

Branches:
Dungeon (3/15)

Altars:
Cheibriados
Uskayaw
The Shining One


Message History

Something hits you but does no damage.
You closely miss something.
You hear some strange, mumbled words.
A magic dart appears from out of thin air!
The magic dart hits you!
You closely miss something. Something hits you but does no damage.
You miss something.
You hear some strange, mumbled words.
A puff of flame appears from out of thin air!
The puff of flame hits you!
You closely miss something. Something hits you but does no damage.
You barely miss something.
You hear some strange, mumbled words.
You are confused.
Something hits you but does no damage.
You are electrocuted!
* * * LOW HITPOINT WARNING * * *
Something hits you.
* * * LOW HITPOINT WARNING * * *
You are electrocuted!
You die...

≈≈ #..### ≈##..#.#
#....#.# ###+## #....+.#
.....# #....#.###.....#
.# ####....#.#@......#
...###<......#.#......##
.....>.......)†'.....>#
.#..##.###.###)#......#
......(......#.'.......#
.#..##.###.#.#.#....#..#
.#..##...<...#.........!.
.#..##+###...####.....###
................+.....+


There were no monsters in sight!

Vanquished Creatures
  3 gnolls (D:2)
  4 adders
  An ooze (D:1)
  2 worms
  A dart slug (D:1)
  3 leopard geckos
  4 orcs (D:3)
  3 giant cockroaches (D:2)
  9 goblins
  5 hobgoblins
  3 jackals (D:1)
  9 kobolds
  A quokka (D:2)
  4 bats
  2 frilled lizards (D:1)
54 creatures vanquished.

Notes
Turn   | Place    | Note
-------+----------+-------------------------------------------
     0 | D:1      | Alfie the Hill Orc Fighter began the quest for the Orb.
     0 | D:1      | Reached XP level 1. HP: 19/19 MP: 1/1
   190 | D:1      | Reached XP level 2. HP: 22/27 MP: 2/2
   335 | D:1      | Reached XP level 3. HP: 27/33 MP: 3/3
   621 | D:2      | Reached XP level 4. HP: 11/40 MP: 4/4
   635 | D:2      | Found a glowing golden altar of the Shining One.
   905 | D:2      | Found a snail-covered altar of Cheibriados.
  1040 | D:2      | Found a hide-covered altar of Uskayaw.
  1205 | D:3      | Reached XP level 5. HP: 46/46 MP: 5/5
  1294 | D:3      | Slain by an orc wizard

Skill      XL: |  1  2  3  4 |
---------------+-------------+-----
Fighting       | 4 |  4.3
Shields        | 4 |  4.2
Short Blades   | 3 |  3.4
Armour         | |  3.9
Dodging        | |  0.7

Action                   |  1- 3 |  4- 6 || total
-------------------------+-------+-------++-------
Melee: Rapier            |   107 |   109 ||   216
  Eat: Chunk             |       |     1 ||     1
Armor: Scale mail        |    49 |    58 ||   107
Dodge: Dodged            |    36 |    36 ||    72
Block: Shield            |    52 |    59 ||   111
